Map: 윈터스 게이트 - 래더

Players

llllllllllll (Trap)

  • Race: Protoss Protoss
  • League: Master
  • Spawn Location: 5:00

Cure - Winner!

  • Race: Terran Terran
  • League: Master
  • Spawn Location: 11:00

Event: HomeStory Cup XX

VOD

Have the link to the VOD?

Description

Time

  • Played on: Nov. 21, 2019, 4:40 a.m.
  • Length: 7:57

All games in this series

Show
View Real Time Build Order
Export as new Build Order

llllllllllll Protoss 

Build Orders: 1 Gate Expand, Phoenix Opening, Colossus Rush 

Get SALT Encoding   

  12  0:00  Probe  
  13  0:12  Probe  
  14  0:18  Pylon  
  14  0:24  Probe  
  15  0:32  Probe  
  15  0:37  Gateway  
  15  0:40  Probe  
  16  0:46  Assimilator  
  17  0:51  Probe  
  18  1:03  Probe  
  19  1:15  Probe  
  20  1:24  Nexus  
  20  1:32  Cybernetics Core  
  20  1:36  Probe  
  21  1:42  Assimilator  
  21  1:48  Probe  
  21  1:53  Pylon  
  22  2:00  Probe  
  23  2:01  Adept  
  23  2:12  Probe  
  23  2:14  Stargate  
  26  2:21  Adept  
  26  2:23  Warp Gate  
  26  2:24  Probe  
  27  2:32  Probe  
  27  2:36  Probe  
  31  2:40  Probe  
  31  2:49  Probe  
  31  2:50  Probe  
  33  2:51  Adept  
  36  2:58  Phoenix  
  36  3:01  Probe  
  36  3:03  Probe  
  40  3:09  Pylon  
  40  3:13  Probe  
  40  3:15  Probe  
  40  3:19  Phoenix  
  42  3:25  Probe  
  45  3:27  Probe  
  45  3:28  Assimilator  
  46  3:37  Probe  
  46  3:38  Phoenix  
  46  3:39  Probe  
  47  3:46  Pylon  
  49  3:49  Probe  
  49  3:51  Probe  
  49  3:55  Robotics Facility  
  51  3:58  Gateway  
  51  4:02  Phoenix  
  52  4:03  Assimilator, Probe  
  52  4:09  Probe  
  55  4:15  Probe  
  56  4:21  Probe  
  57  4:26  Pylon  
  57  4:27  Phoenix  
  58  4:35  Observer  
  58  4:36  Probe  
  60  4:38  Probe  
  60  4:44  Nexus  
  61  4:46  Pylon  
  61  4:47  Immortal  
  61  4:52  Probe  
  63  4:54  Robotics Bay  
  66  5:04  Sentry  
  66  5:05  Probe  
  70  5:07  Pylon, Probe  
  70  5:15  Gateway  
  70  5:18  Forge  
  70  5:20  Probe  
  71  5:22  Probe  
  71  5:25  Observer  
  73  5:28  Colossus  
  73  5:35  Probe x2  
  73  5:39  Pylon  
  75  5:44  Extended Thermal Lance  
  80  5:50  Gateway  
  80  5:52  Gateway  
  80  5:55  Sentry  
  82  5:58  Gateway  
  82  6:06  Shield Battery  
  82  6:08  Shield Battery  
  82  6:13  Colossus  
  82  6:21  Probe x3  
  82  6:24  Zealot  
  82  6:25  Zealot  
  95  6:28  Zealot  
  90  6:45  Zealot  
  92  6:51  Probe x3  
  95  6:59  Colossus  
  95  7:02  Pylon  
  95  7:04  Pylon  
  95  7:06  Zealot x3  
  105  7:16  Phoenix  
  100  7:24  Zealot x3  
  91  7:38  Stalker x3  
  88  7:50  Zealot  
  85  7:52  Zealot  
Show
View Real Time Build Order
Export as new Build Order

Cure Terran - Winner!

Build Orders: Gas First Reaper Expand 

Get SALT Encoding   

  12  0:00  SCV  
  13  0:12  SCV  
  14  0:17  Supply Depot  
  14  0:24  SCV  
  14  0:27  Refinery  
  15  0:38  SCV  
  16  0:44  Barracks  
  16  0:51  SCV  
  17  1:03  SCV  
  18  1:15  SCV  
  19  1:31  Orbital Command, Reaper  
  20  1:45  Command Center  
  20  1:53  Factory  
  20  1:57  SCV  
  21  2:05  Barracks Reactor  
  21  2:09  SCV  
  21  2:13  Supply Depot  
  21  2:15  Refinery  
  22  2:21  SCV  
  23  2:34  SCV  
  23  2:37  Hellion  
  26  2:41  Starport, Marine x2  
  28  2:47  SCV  
  29  2:59  SCV  
  29  3:00  Orbital Command  
  29  3:01  Hellion  
  29  3:02  Marine  
  29  3:05  Marine  
  33  3:12  SCV  
  34  3:17  Viking  
  36  3:20  Marine  
  36  3:23  Marine  
  36  3:25  Factory Tech Lab  
  36  3:26  SCV  
  39  3:28  SCV  
  40  3:38  SCV  
  40  3:40  SCV  
  42  3:45  Cyclone  
  42  3:47  Barracks  
  45  3:50  SCV  
  45  3:52  SCV  
  46  3:57  Supply Depot  
  46  3:59  Barracks  
  46  4:01  Starport Tech Lab, Marine  
  46  4:07  Marine, SCV x2  
  49  4:10  Supply Depot  
  49  4:18  Engineering Bay  
  49  4:20  SCV x2  
  49  4:22  Marine  
  52  4:25  Marine  
  52  4:31  Starport Reactor  
  53  4:32  Factory Reactor, SCV x2  
  53  4:34  Supply Depot  
  55  4:43  Stimpack  
  55  4:44  SCV x2  
  55  4:45  Terran Infantry Weapons Level 1  
  57  4:48  Refinery  
  57  4:51  Marine x2  
  57  4:52  Marine  
  57  4:56  SCV x2  
  57  4:59  Marine, Missile Turret  
  61  5:05  Supply Depot  
  61  5:08  SCV x2  
  63  5:16  Marine x2, Marauder  
  63  5:17  Combat Shield  
  63  5:18  Marauder  
  69  5:24  Missile Turret  
  69  5:26  Medivac x2  
  73  5:33  Widow Mine x2, Missile Turret  
  73  5:34  Marine  
  78  5:39  Supply Depot  
  78  5:41  Marauder  
  80  5:43  Marauder  
  80  5:45  Marine  
  80  5:48  Supply Depot  
  83  5:51  SCV x2  
  83  5:52  Marine  
  83  5:55  Supply Depot  
  86  6:02  Marauder, Marine  
  89  6:04  Marauder  
  89  6:07  Medivac  
  89  6:10  Marine, Medivac  
  96  6:12  Widow Mine, Supply Depot  
  96  6:13  Widow Mine  
  96  6:18  Supply Depot  
  100  6:22  Marine  
  100  6:24  Marauder  
  102  6:26  Marauder  
  104  6:37  Marine  
  107  6:40  Marine  
  107  6:45  Marauder, Command Center  
  108  6:47  Marauder  
  108  6:48  Medivac x2  
  108  6:53  Widow Mine x2  
  116  6:58  Supply Depot  
  116  7:02  Marine  
  116  7:07  Marauder  
  119  7:08  Marauder  
  121  7:18  Marine  
  121  7:20  Marine  
  121  7:21  Widow Mine x2  
  123  7:28  Marauder, SCV  
  123  7:29  SCV  
  129  7:30  Marauder  
  130  7:47  Barracks  
  130  7:50  Barracks  
  131  7:53  Refinery  
Tags
 
Add a new tag
Caveats
  • Supply blocks, unpowered buildings, or Contaminate may cause inaccurate times.
  • Supply counts are checked every 10 seconds.